Map: King's Cove LE

Players

Bly - Winner!

  • Race: Zerg Zerg
  • Spawn Location: 11:00

PappiJoe

  • Race: Protoss Protoss
  • Spawn Location: 5:00

Event: 2019 WCS Summer

VOD

Have the link to the VOD?

Description

Time

  • Played on: July 12, 2019, 1:15 p.m.
  • Length: 6:02

All games in this series

Show
View Real Time Build Order
Export as new Build Order

Bly Zerg - Winner!

Build Orders: 3 Hatch before Pool 

Get SALT Encoding   

  12  0:01  Drone  
  13  0:17  Overlord  
  13  0:19  Drone  
  14  0:36  Drone x2  
  16  0:45  Drone  
  17  1:05  Hatchery  
  16  1:14  Drone  
  17  1:20  Hatchery  
  17  1:23  Drone  
  17  1:26  Drone  
  18  1:38  Extractor  
  17  1:42  Spawning Pool  
  16  1:47  Drone  
  16  1:49  Drone  
  16  1:51  Drone  
  19  1:58  Drone  
  20  2:11  Overlord  
  20  2:23  Drone x2  
  22  2:35  Queen  
  22  2:36  Queen  
  28  2:44  Zergling x2  
  27  2:45  Metabolic Boost, Overlord  
  27  2:47  Drone  
  28  2:52  Drone x2  
  28  2:54  Drone  
  28  2:57  Drone  
  32  3:08  Drone x2  
  33  3:15  Queen  
  35  3:20  Lair  
  35  3:22  Drone x2  
  35  3:24  Drone  
  38  3:31  Overlord  
  38  3:34  Drone x2  
  40  3:45  Overlord  
  40  3:48  Roach Warren  
  40  3:50  Queen  
  40  3:51  Drone  
  42  4:02  Overlord  
  42  4:03  Spore Crawler  
  42  4:08  Extractor  
  40  4:12  Zergling x8  
  40  4:16  Zergling x10  
  49  4:18  Overseer  
  49  4:24  Queen  
  49  4:27  Zergling x6  
  54  4:36  Overseer  
  54  4:41  Roach x2  
  54  4:42  Roach x2  
  62  4:59  Roach x4  
  68  5:00  Overlord  
  68  5:04  Overlord  
  68  5:09  Spine Crawler  
  64  5:38  Roach x7  
  64  5:39  Overlord  
  78  5:43  Roach  
Show
View Real Time Build Order
Export as new Build Order

PappiJoe Protoss 

Build Orders: Zealot Archon, Archon Drop, Dark Templar Rush 

Get SALT Encoding   

  12  0:00  Probe  
  13  0:12  Probe  
  14  0:18  Pylon  
  14  0:23  Probe  
  15  0:32  Probe  
  15  0:38  Gateway  
  15  0:40  Probe  
  16  0:47  Assimilator  
  17  0:52  Probe  
  18  0:58  Assimilator  
  18  1:00  Probe  
  18  1:08  Probe  
  20  1:18  Probe  
  21  1:26  Cybernetics Core  
  21  1:30  Probe  
  22  1:40  Gateway  
  22  1:42  Probe  
  23  1:49  Pylon  
  23  1:58  Stalker  
  23  2:03  Warp Gate  
  25  2:09  Twilight Council  
  25  2:23  Robotics Facility  
  25  3:01  Gateway  
  25  3:08  Warp Prism  
  25  3:13  Dark Shrine  
  27  3:31  Gateway  
  27  3:36  Charge  
  27  3:43  Pylon  
  27  4:25  Shield Battery  
  27  4:26  Shield Battery, Gateway  
  27  4:27  Dark Templar x2  
  27  4:31  Pylon  
  31  4:33  Archon  
  31  4:38  Dark Templar  
  33  5:00  Dark Templar  
  35  5:09  Archon  
  35  5:10  Zealot x3  
Tags
 
Add a new tag
Caveats
  • Supply blocks, unpowered buildings, or Contaminate may cause inaccurate times.
  • Supply counts are checked every 10 seconds.